Map: Acid Plant LE

Players

Lambo - Winner!

  • Race: Zerg Zerg
  • League: Master
  • Spawn Location: 5:00

Harstem

  • Race: Protoss Protoss
  • League: Master
  • Spawn Location: 11:00

Event: HomeStory Cup XVII

VOD

Have the link to the VOD?

Description

Time

  • Played on: June 28, 2018, 12:30 p.m.
  • Length: 10:17

All games in this series

Show
View Real Time Build Order
Export as new Build Order

Lambo Zerg - Winner!

Build Orders: Hatch First, Lurkers 

Get SALT Encoding   

  12  0:01  Drone  
  13  0:12  Drone  
  14  0:21  Overlord  
  14  0:24  Extractor  
  14  0:25  Drone  
  15  0:40  Drone x2  
  17  0:51  Hatchery  
  17  0:55  Drone  
  17  0:58  Drone  
  18  1:08  Extractor  
  17  1:13  Spawning Pool  
  17  1:16  Drone  
  17  1:19  Drone  
  18  1:27  Drone  
  19  1:39  Drone  
  20  1:49  Overlord  
  20  1:59  Queen  
  22  2:03  Queen  
  22  2:04  Zergling x4  
  22  2:07  Metabolic Boost  
  26  2:10  Drone  
  26  2:14  Drone  
  28  2:25  Drone x2  
  30  2:38  Hatchery, Drone  
  30  2:41  Drone  
  30  2:43  Drone  
  32  2:48  Overlord  
  32  2:52  Queen  
  32  2:57  Drone  
  35  2:59  Drone  
  36  3:08  Zergling x2  
  36  3:09  Drone x4  
  41  3:15  Overlord  
  41  3:17  Drone  
  42  3:20  Drone  
  42  3:21  Drone  
  44  3:28  Overlord  
  44  3:33  Queen  
  46  3:35  Drone x2  
  46  3:39  Drone x2  
  46  3:40  Lair  
  50  3:52  Drone x3  
  50  3:55  Extractor  
  52  3:56  Spore Crawler, Drone, Extractor  
  52  3:57  Spore Crawler  
  52  3:58  Drone  
  52  4:00  Overlord  
  52  4:01  Drone  
  52  4:05  Drone x3  
  52  4:07  Drone  
  56  4:12  Queen  
  56  4:16  Overlord  
  57  4:22  Overlord  
  57  4:23  Drone x2  
  58  4:25  Drone x2  
  58  4:31  Drone x2  
  62  4:37  Spore Crawler, Drone  
  62  4:39  Drone x2  
  62  4:40  Hydralisk Den  
  62  4:41  Drone  
  62  4:43  Drone, Extractor  
  62  4:45  Drone  
  65  4:47  Drone x2  
  65  4:50  Drone  
  65  4:51  Overlord  
  68  4:53  Drone  
  68  4:57  Drone x3  
  68  4:59  Evolution Chamber  
  71  5:05  Drone x3  
  72  5:07  Drone  
  72  5:11  Drone x4  
  76  5:15  Grooved Spines  
  76  5:16  Drone x2  
  78  5:23  Drone x2  
  78  5:25  Zerg Missile Weapons Level 1  
  78  5:26  Drone, Extractor  
  78  5:27  Overlord, Extractor  
  79  5:41  Lurker Den  
  79  5:42  Overlord  
  78  5:43  Overlord x2  
  78  5:44  Hatchery  
  78  5:46  Pneumatized Carapace  
  77  5:51  Overlord  
  77  5:56  Overlord  
  77  5:57  Hydralisk  
  77  5:58  Hydralisk  
  82  6:04  Drone  
  82  6:06  Drone  
  82  6:08  Hydralisk x5  
  93  6:12  Hydralisk x2  
  93  6:17  Extractor  
  96  6:22  Hydralisk x4  
  96  6:25  Overlord  
  104  6:27  Overlord, Muscular Augments  
  104  6:29  Hydralisk  
  106  6:33  Hydralisk x2  
  106  6:37  Hydralisk  
  106  6:38  Hydralisk  
  114  6:41  Drone x2  
  114  6:43  Drone  
  117  6:48  Hydralisk x3  
  117  6:50  Overseer  
  117  6:52  Overlord  
  123  6:57  Hydralisk  
  123  7:01  Overlord, Hydralisk  
  124  7:05  Drone  
  124  7:06  Spine Crawler  
  126  7:11  Hydralisk x2, Zergling x4  
  126  7:12  Zergling x2  
  126  7:14  Overlord  
  133  7:15  Zergling x2  
  133  7:22  Lurker x2  
  136  7:23  Zergling x6  
  136  7:24  Zergling x2  
  136  7:25  Overlord  
  140  7:30  Zergling x10  
  140  7:32  Lurker  
  140  7:36  Lurker x2  
  148  7:38  Zergling x6  
  148  7:39  Lurker  
  148  7:43  Zergling x8  
  155  7:50  Lurker x2  
  157  7:52  Hydralisk x2  
  161  8:00  Zergling x10  
  166  8:05  Overlord x2  
  166  8:08  Overlord  
  164  8:15  Overlord  
  164  8:16  Hydralisk x2  
  164  8:17  Zergling x2  
  159  8:20  Hydralisk  
  159  8:24  Overlord  
  152  8:29  Hydralisk x5  
  152  8:32  Hydralisk  
  158  8:34  Hydralisk  
  147  8:43  Hydralisk x3  
  147  8:47  Hydralisk x2  
  133  8:52  Hydralisk  
  133  8:55  Overseer, Hydralisk x2  
  118  9:03  Hydralisk x2  
  118  9:04  Hydralisk  
  121  9:10  Lurker x2  
  121  9:12  Zergling x8  
  121  9:14  Zergling x4  
  129  9:18  Zergling x2  
  129  9:19  Zergling x4  
  129  9:20  Lurker  
  129  9:24  Hydralisk, Lurker  
  136  9:36  Hydralisk x4, Zergling x2  
  133  9:41  Hydralisk x2  
  133  9:45  Hydralisk  
  137  9:47  Hydralisk  
  137  9:48  Zergling x4  
  137  9:51  Hydralisk  
  141  9:56  Overlord  
Show
View Real Time Build Order
Export as new Build Order

Harstem Protoss 

Build Orders: 1 Gate Expand, Oracle Opening, Phoenix Opening, Archon Immortal, Zealot Archon 

Get SALT Encoding   

  12  0:01  Probe  
  13  0:14  Probe  
  14  0:18  Pylon  
  14  0:25  Probe  
  15  0:33  Probe  
  15  0:41  Gateway, Probe  
  16  0:48  Assimilator  
  17  0:52  Probe  
  18  1:04  Probe  
  19  1:16  Probe  
  20  1:23  Nexus  
  20  1:35  Cybernetics Core  
  20  1:37  Probe  
  21  1:42  Assimilator  
  21  1:49  Probe  
  21  1:52  Pylon  
  22  2:01  Probe  
  22  2:03  Adept  
  23  2:13  Probe  
  26  2:15  Stargate  
  26  2:23  Warp Gate, Probe  
  26  2:29  Adept  
  27  2:31  Probe  
  30  2:38  Probe  
  30  2:40  Probe  
  32  2:50  Probe  
  33  2:52  Probe  
  33  2:54  Phoenix  
  34  3:02  Probe  
  34  3:04  Probe  
  38  3:09  Oracle  
  38  3:14  Probe  
  38  3:16  Probe  
  40  3:26  Probe  
  44  3:27  Gateway  
  44  3:28  Probe  
  44  3:29  Pylon  
  44  3:33  Pylon  
  45  3:37  Assimilator  
  45  3:39  Probe  
  46  3:47  Probe  
  50  3:48  Oracle  
  50  3:51  Probe  
  51  4:00  Nexus, Probe  
  52  4:04  Pylon  
  52  4:05  Probe  
  53  4:12  Probe  
  53  4:15  Assimilator  
  54  4:17  Probe  
  56  4:24  Probe  
  56  4:29  Probe  
  57  4:33  Robotics Facility  
  57  4:36  Probe, Pylon  
  58  4:40  Adept  
  58  4:41  Probe  
  61  4:45  Forge  
  61  4:48  Probe, Twilight Council  
  62  4:55  Probe  
  62  4:58  Adept  
  65  5:00  Probe  
  65  5:01  Pylon  
  66  5:07  Probe  
  66  5:11  Immortal  
  66  5:12  Probe  
  68  5:15  Probe  
  68  5:17  Sentry  
  68  5:19  Probe  
  68  5:20  Charge  
  68  5:21  Gateway  
  76  5:22  Gateway, Protoss Ground Weapons Level 1  
  76  5:24  Probe  
  76  5:27  Probe  
  78  5:31  Probe  
  79  5:37  Probe  
  79  5:39  Probe  
  78  5:43  Probe  
  78  5:49  Probe, Gateway, Templar Archives  
  80  5:50  Gateway  
  80  5:52  Sentry, Zealot  
  80  5:53  Probe  
  80  5:55  Pylon  
  85  5:58  Assimilator  
  85  6:03  Assimilator, Probe  
  86  6:07  Probe x2, Observer, Pylon  
  89  6:15  Probe  
  89  6:16  Gateway  
  90  6:19  Probe  
  90  6:20  Gateway, Zealot x2  
  90  6:25  High Templar x2  
  99  6:26  Pylon  
  99  6:27  Immortal  
  99  6:30  Photon Cannon, Archon  
  99  6:34  Gateway  
  103  6:40  Probe  
  104  6:47  Psionic Storm, Robotics Facility  
  104  6:55  Photon Cannon  
  104  6:56  Warp Prism  
  104  6:57  High Templar x2  
  108  7:02  Pylon  
  108  7:05  Zealot  
  111  7:29  Immortal, Zealot x4  
  119  7:30  Observer, Zealot x2  
  119  7:32  Pylon  
  119  7:36  High Templar  
  130  7:47  Probe  
  130  7:48  Immortal  
  130  7:50  Zealot x3  
  141  8:02  Pylon x2  
  141  8:21  Zealot  
  141  8:22  Zealot x6  
  141  8:26  Immortal  
  155  8:28  Probe  
  155  8:30  Immortal  
  155  8:31  Probe  
  155  8:32  Zealot  
  131  8:43  Zealot x5  
  131  8:48  Probe  
  120  8:54  Probe  
  103  8:56  Probe  
  103  8:57  Zealot x2  
  103  8:59  Observer  
  103  9:00  Probe  
  106  9:06  Probe  
  101  9:11  High Templar x4  
  101  9:12  High Templar  
  101  9:16  Probe  
  111  9:20  Immortal  
  111  9:22  Zealot  
  114  9:24  Stalker  
  116  9:32  Immortal  
  116  9:35  Archon  
  110  9:42  Probe x3  
  113  9:51  Zealot x2  
  104  10:01  Zealot x3  
  93  10:07  Zealot  
Tags
 
Add a new tag
Caveats
  • Supply blocks, unpowered buildings, or Contaminate may cause inaccurate times.
  • Supply counts are checked every 10 seconds.